 Dungeon Crawl Stone Soup version 0.22.1-2-g9c5b331 (webtiles) character file.

840 Fang the Chopper (level 8, 0/73 HPs)
             Began as a Gargoyle Berserker on Nov 12, 2018.
             Was a Priest of Trog.
             Slain by a wight
             ... wielding a +3 halberd of freezing
              (1 damage)
             ... on level 5 of the Dungeon.
             The game lasted 00:05:42 (3850 turns).

Fang the Chopper (Gargoyle Berserker)               Turns: 3850, Time: 00:05:43

Health: 0/73       AC: 17    Str: 30    XL:     8   Next: 0%
Magic:  8/8        EV:  8    Int:  9    God:    Trog [***...]
Gold:   223        SH:  0    Dex:  9    Spells: 7/7 levels left

rFire    . . .     SeeInvis .   p - +0 war axe
rCold    . . .     Gourm    .   (no shield)
rNeg     + . .     Faith    .   r - +0 plate armour
rPois    ∞         Spirit   .   (no helmet)
rElec    +         Reflect  .   (no cloak)
rCorr    .         Harm     .   (no gloves)
MR       .....                  (no boots)
Stlth    ..........             (no amulet)
HPRegen  0.22/turn              q - ring of flight
MPRegen  0.11/turn              h - +3 ring of strength

@: berserking, very quick
A: negative energy resistance 1, electricity resistance, unbreathing,
petrification resistance, rot immunity, AC +5
a: Berserk, Trog's Hand, Renounce Religion, Evoke Flight


You were on level 5 of the Dungeon.
You worshipped Trog.
Trog was most pleased with you.
You were not hungry.

You visited 1 branch of the dungeon, and saw 5 of its levels.

You collected 223 gold pieces.

Inventory:

Hand Weapons
 p - a +0 war axe (weapon)
Armour
 r - a +0 plate armour (worn)
Jewellery
 g - an uncursed ring of protection from cold
 h - a +3 ring of strength (right hand)
 q - a ring of flight (left hand)
 t - an uncursed ring of ice {unknown}
Scrolls
 d - a scroll of random uselessness {unknown}
 i - a scroll of immolation {unknown}
 k - a scroll of magic mapping {unknown}
 m - a scroll of fear {unknown}
 o - 6 scrolls of identify {unknown}
 s - a scroll of teleportation {unknown}
Potions
 b - 2 potions of flight {unknown}
 e - a potion of resistance {unknown}
 f - a potion of berserk rage {unknown}
 j - a potion of agility {unknown}
 l - 2 potions of curing {unknown}
 n - 2 potions of ambrosia {unknown}
Comestibles
 c - 7 rations


   Skills:
 + Level 5.0 Fighting
 + Level 6.1 Axes
 + Level 5.0 Armour
 + Level 2.7 Dodging
 + Level 1.2 Stealth


You had 7 spell levels left.
You didn't know any spells.
Your spell library was empty.

Dungeon Overview and Level Annotations

Branches:
Dungeon (5/15)
 Temple: D:4-7

Altars:
Qazlal
Xom


Innate Abilities, Weirdness & Mutations

You are resistant to torment.
Your stone body is resilient. (AC +5)
You are immune to poison.
You resist negative energy. (rN+)
You are resistant to electric shocks. (rElec)
You can survive without breathing.
You are immune to petrification.
You are immune to rotting.


Message History

Items here: )) [ † a whip of venom; a dire flail; a robe; a gnoll corpse You closely miss the wight.
You completely miss the wight. The gnoll hits you but does no damage.
The gnoll barely misses you.
Unknown command.
You closely miss the wight. x2; The wight completely misses you.
The wight barely misses you. The gnoll hits you but does no damage.
Unknown command.
You closely miss the wight. You slash the wight!
You destroy the wight!
Trog accepts your kill.
Your Axes skill increases to level 6!
You have reached level 8!
You feel clever.
The gnoll hits you from afar with a halberd!
* * * LOW HITPOINT WARNING * * *
The wight hits you with a halberd of freezing.
* * * LOW HITPOINT WARNING * * *
The wight freezes you.
You die...

#.# #.#####.. #.#
#........
##.####........
#..............
#########..#####.......
...........######.....#
###.#.................
#)###.......<).### #@#
########### #z#


gg# .zg# ..[## ##.# .. ### You could see 2 wights and 3 gnolls.

Vanquished Creatures
  3 ogres
  A phantom (D:5)
  2 wights (D:5)
  A howler monkey (D:5)
  2 jellies (D:3)
  2 orc wizards (D:4)
  Jessica (D:3)
  2 worker ants (D:4)
  A hound skeleton (D:3)
  A gnoll (D:5)
  6 adders
  An ooze (D:3)
  An adder zombie (D:5)
  2 worms (D:5)
  2 dart slugs
  2 leopard geckos (D:3)
  13 orcs
  6 giant cockroaches
  9 goblins
  7 hobgoblins
  An iguana (D:3)
  6 jackals (D:4)
  3 kobolds
  A quokka (D:3)
  7 bats
  A frilled lizard (D:4)
  8 rats
92 creatures vanquished.

Notes
Turn   | Place    | Note
-------+----------+-------------------------------------------
     0 | D:1      | Fang the Gargoyle Berserker began the quest for the Orb.
     0 | D:1      | Reached XP level 1. HP: 14/14 MP: 1/1
   218 | D:1      | Reached XP level 2. HP: 18/19 MP: 2/2
   355 | D:1      | Reached skill level 3 in Axes
  1044 | D:2      | Reached XP level 3. HP: 18/23 MP: 3/3
  1546 | D:2      | Reached ** piety under Trog
  1832 | D:3      | Noticed Jessica
  1838 | D:3      | Killed Jessica
  1838 | D:3      | Reached XP level 4. HP: 29/29 MP: 4/4
  1863 | D:3      | Noticed an ogre
  1873 | D:3      | Killed an ogre
  1873 | D:3      | Reached XP level 5. HP: 33/33 MP: 5/5
  1926 | D:3      | Reached skill level 4 in Axes
  1991 | D:3      | Found a shimmering altar of Xom.
  2133 | D:3      | Reached skill level 1 in Stealth
  2325 | D:3      | Reached XP level 6. HP: 23/39 MP: 6/6
  3199 | D:4      | Reached XP level 7. HP: 42/44 MP: 7/7
  3229 | D:4      | Reached *** piety under Trog
  3278 | D:4      | Reached skill level 5 in Axes
  3503 | D:5      | Entered Level 5 of the Dungeon
  3519 | D:5      | Found a stormy altar of Qazlal.
  3834 | D:5      | Reached skill level 5 in Fighting
  3834 | D:5      | Reached skill level 5 in Armour
  3850 | D:5      | Reached skill level 6 in Axes
  3850 | D:5      | Reached XP level 8. HP: 13/49 MP: 8/8
  3850 | D:5      | HP: 2/73 [gnoll/halberd (11)]
  3850 | D:5      | Slain by a wight

Skill      XL: |  1  2  3  4  5  6  7 |
---------------+----------------------+-----
Axes           | 3 4 6 |  6.1
Dodging        | 2 |  2.7
Fighting       | 4 5 |  5.0
Armour         | 3 4 5 |  5.0
Stealth        | 1 |  1.2

Action                   |  1- 3 |  4- 6 |  7- 9 || total
-------------------------+-------+-------+-------++-------
Melee: Hand axe          |   110 |   107 |       ||   217
       War axe           |       |     5 |   140 ||   145
Invok: Berserk           |     1 |     3 |     1 ||     5
  Eat: Chunk             |     3 |     4 |     1 ||     8
       Ration            |       |     1 |     1 ||     2
Armor: Animal skin       |    23 |       |       ||    23
       Ring mail         |    31 |     8 |       ||    39
       Plate armour      |       |    69 |   116 ||   185
Dodge: Dodged            |    88 |    47 |    65 ||   200
